 Dungeon Crawl Stone Soup version 0.30.1-3-gfc49f6343a (webtiles) character file.

Game seed: 6660786644841451875

10511 Peloso the Carver (level 11, -28/99 HPs)
             Began as a Minotaur Fighter on Aug 7, 2023.
             Was an Elder of Okawaru.
             Killed from afar by a fire dragon (61 damage)
             ... with a blast of flame
             ... on level 11 of the Dungeon.
             The game lasted 00:21:44 (9411 turns).

Peloso the Carver (Minotaur Fighter)                Turns: 9411, Time: 00:21:45

Health: -28/99     AC: 23    Str: 26    XL:     11   Next: 37%
Magic:  10/10      EV:  8    Int:  5    God:    Okawaru [****..]
Gold:   592        SH:  6    Dex: 12    Spells: 10/10 levels left

rFire   . . .        a - +3 long sword
rCold   + . .        d - +0 buckler
rNeg    . . .        H - +0 plate armour
rPois   .            (helmet restricted)
rElec   .            r - +0 cloak
rCorr   .            c - +2 pair of gloves {Str+3}
SInv    .            (no boots)
Will    .....        q - amulet of regeneration Stlth
                     h - +4 ring of protection
HPRegen 1.16/turn    x - ring of protection from cold
MPRegen 0.12/turn

%: no passive effects
@: no status effects
A: horns 2, retaliatory headbutt
a: Renounce Religion, Heroism, Finesse


You were on level 11 of the Dungeon.
You worshipped Okawaru.
Okawaru was greatly pleased with you.
You visited 2 branches of the dungeon, and saw 12 of its levels.

You collected 592 gold pieces.

Inventory:

Hand Weapons
 a - a +3 long sword (weapon)
 b - a +0 trident of flaming
Armour
 c - a +2 pair of gloves of strength (worn)
 d - a +0 buckler (worn)
 r - a +0 cloak (worn)
 H - a +0 plate armour (worn)
Jewellery
 h - a +4 ring of protection (left hand)
 q - an amulet of regeneration (around neck)
 w - a ring of wizardry
 x - a ring of protection from cold (right hand)
 B - a ring of protection from cold
 I - a +4 ring of protection
Scrolls
 e - a scroll of teleportation
 f - a scroll of enchant armour
 i - 2 scrolls of noise
 l - a scroll of fear {unknown}
 p - a scroll of magic mapping
 s - 2 scrolls of poison {unknown}
 t - a scroll of amnesia
 y - a scroll of vulnerability {unknown}
 z - a scroll of summoning {unknown}
 C - 2 scrolls of fog {unknown}
 F - a scroll of enchant weapon {unknown}
 J - a scroll of identify
Potions
 g - 2 potions of flight
 j - 2 potions of might
 k - a potion of berserk rage
 m - a potion of haste
 n - a potion of resistance
 o - a potion of brilliance
 u - 2 potions of mutation
 v - a potion of attraction {unknown}
 D - 2 potions of magic {unknown}
 G - a potion of heal wounds {unknown}


   Skills:
 + Level 9.7 Fighting
 + Level 13.7 Long Blades
 + Level 10.6 Armour
 + Level 3.3 Dodging
 + Level 1.1 Stealth
 + Level 9.5 Shields
 + Level 0.1 Invocations
 + Level 1.0 Evocations


You had 10 spell levels left.
You didn't know any spells.
Your spell library contained the following spells:

 Spells                   Type           Power      Damage    Failure   Level
 Beastly Appendage        Tmut           0%         N/A       99%         1
 Ensorcelled Hibernation  Hex/Ice        0%         N/A       100%        2
 Wereblood                Tmut           0%         N/A       100%        2
 Portal Projectile        Hex/Tloc       0%         N/A       100%        3
 Spider Form              Tmut/Pois      0%         N/A       100%        3
 Anguish                  Hex/Necr       0%         N/A       100%        4
 Leda's Liquefaction      Hex/Erth       0%         N/A       100%        4
 Call Canine Familiar     Summ           Unusable   N/A       N/A         3

Dungeon Overview and Level Annotations

Branches:
Dungeon (11/15)            Temple (1/1) D:7            Lair (0/5) D:10
    Orc (0/2) D:10

Altars:
Ashenzari
Cheibriados
Dithmenos
Elyvilon
Fedhas
Gozag
Hepliaklqana
Kikubaaqudgha
Makhleb
Nemelex Xobeh
Okawaru
Qazlal
Ru
Sif Muna
Trog
Uskayaw
Vehumet
Wu Jian
Xom
Yredelemnul
Zin
The Shining One

Shops:
D:8 *

Annotations:
D:8 3 runed translucent doors
D:10 1 runed translucent door, polpettosauro's ghost, journeyman DgTm


Innate Abilities, Weirdness & Mutations

You have a pair of horns on your head.
You reflexively headbutt those who attack you in melee.


Message History

You hear an angry hiss.
You hear a roar!
You hear an angry buzzing noise.
The fire dragon attacks as you move away!
The fire dragon completely misses you. You furiously retaliate!
You headbutt the fire dragon! The fire dragon barely misses you.
The fire dragon tramples you but does no damage.
You hear a bellow!
Something hits you but does no damage.
The deep elf pyromancer points at you and mumbles some strange words.
The sticky flame hits you but does no damage.
You are covered in liquid flames!
You see here a vampire mosquito corpse.
You are covered in liquid flames!
Something hits you but does no damage.
Unknown command.
You are covered in liquid flames!
You are no longer on fire.
The fire dragon attacks as you move away!
The fire dragon bites you but does no damage.
The fire dragon barely misses you.
The fire dragon tramples you but does no damage.
The deep elf pyromancer mumbles some strange words.
The deep elf pyromancer blinks!
The fire dragon breathes flames at you. The blast of flame hits you!!
You hear a shout!
You hear two shouts!
You hear an angry buzzing noise.
You hear a shout! x2
The deep elf pyromancer hits you but does no damage.
Unknown command.
The deep elf pyromancer attacks as you move away!
The deep elf pyromancer hits you with a +0 long sword.
The deep elf pyromancer attacks as you move away!
The deep elf pyromancer hits you with a +0 long sword.
* * * LOW HITPOINT WARNING * * *
The centaur wields a +0 shortbow.
The centaur shoots an arrow.
The arrow barely misses you.
The deep elf pyromancer casts a spell.
The fire dragon breathes flames at you. The blast of flame hits you!!!
Ouch! That really hurt!
You die...

#.....#.....#
#....<#.....#
#####.....#.....#
..........#.....#
..........#.....# ..
..........#.....#
...
..[.......#.....#
.............'.....#
#.# #....@..#.....#
#..#.......#.....#
#.#.)..e..#.<...#
#....D...#.....+
##..O...E####### ##
#......○......
#.##.c...........
#.#...../.......
#...............


You could see a fire dragon (catching breath), a two-headed ogre, a deep elf
pyromancer, a fire elemental (summoned) and a centaur.

Vanquished Creatures
  2 two-headed ogres
  A komodo dragon (D:11)
  Grinder (D:3)
  Eustachio (D:4)
  A wyvern (D:7)
  24 yaks
  A vampire mosquito (D:11)
  Menkaure (D:4)
  A warg (D:10)
  A water moccasin (D:9)
  2 orc warriors (D:10)
  3 ice beasts
  3 black bears
  An ogre (D:4)
  3 centaurs
  2 phantoms
  A kobold brigand (D:8)
  4 bullfrogs
  4 scorpions
  2 gnoll sergeants
  8 wights
  14 killer bees
  6 howler monkeys
  2 electric eels (D:10)
  A centaur zombie (D:3)
  7 hounds
  2 jellies
  11 orc priests
  3 iguanas (D:4)
  A sleepcap (D:7)
  16 orc wizards
  A hound zombie (D:3)
  Robin (D:3)
  10 gnolls
  7 adders
  A shadow imp (D:7)
  2 white imps
  An ufetubus (D:6)
  2 adder skeletons (D:3)
  A worm (D:2)
  A dart slug (D:1)
  58 orcs
  6 endoplasms
  4 giant cockroaches
  6 goblins
  11 hobgoblins
  3 quokkas
  4 ball pythons
  A ball python zombie (D:3)
  6 bats
  3 frilled lizards
  A jackal skeleton (D:3)
  16 kobolds
  5 rats
281 creatures vanquished.

Notes
Turn   | Place    | Note
-------+----------+-------------------------------------------
     0 | D:1      | Peloso the Minotaur Fighter began the quest for the Orb.
     0 | D:1      | Reached XP level 1. HP: 19/19 MP: 0/0
   138 | D:1      | Reached XP level 2. HP: 27/27 MP: 1/1
   315 | D:1      | You fall into a shaft and drop 1 floor!
   561 | D:2      | Reached XP level 3. HP: 33/33 MP: 2/2
   994 | D:3      | Reached skill level 3 in Long Blades
  1277 | D:3      | Reached XP level 4. HP: 40/40 MP: 3/3
  1291 | D:3      | Reached skill level 4 in Long Blades
  1306 | D:3      | Reached XP level 5. HP: 31/47 MP: 4/4
  1415 | D:3      | Reached skill level 1 in Dodging
  1686 | D:3      | Noticed Robin
  1714 | D:3      | Killed Robin
  1726 | D:3      | Reached XP level 6. HP: 17/55 MP: 5/5
  1904 | D:3      | Noticed Grinder
  1916 | D:3      | Killed Grinder
  1917 | D:3      | Reached skill level 5 in Fighting
  1917 | D:3      | Reached skill level 5 in Long Blades
  1917 | D:3      | Reached skill level 5 in Armour
  1917 | D:3      | Reached skill level 5 in Shields
  2394 | D:4      | Found Jadiaxou's General Store.
  2403 | D:4      | Reached XP level 7. HP: 58/61 MP: 6/6
  2429 | D:4      | Reached skill level 6 in Long Blades
  2447 | D:4      | Noticed Menkaure
  2618 | D:4      | Killed Menkaure
  2674 | D:3      | Reached skill level 7 in Long Blades
  3185 | D:5      | Entered Level 5 of the Dungeon
  3545 | D:5      | Reached XP level 8. HP: 68/70 MP: 7/7
  3619 | D:5      | Reached skill level 8 in Long Blades
  4673 | D:4      | Noticed Eustachio
  4722 | D:4      | Killed Eustachio
  4723 | D:4      | Reached skill level 9 in Long Blades
  5282 | D:6      | Reached XP level 9. HP: 64/78 MP: 8/8
  6030 | D:7      | Reached skill level 1 in Stealth
  6062 | D:7      | Reached skill level 10 in Long Blades
  6249 | D:7      | Found a staircase to the Ecumenical Temple.
  6462 | Temple   | Entered the Ecumenical Temple
  6547 | Temple   | Became a worshipper of Warmaster Okawaru
  6841 | D:8      | Found Hakhok's Neck Hole.
  6886 | D:8      | Noticed a white ugly thing
  6887 | D:8      | Found a runed translucent gate.
  6887 | D:8      | Found a runed translucent gate.
  6887 | D:8      | Found a runed translucent gate.
  6887 | D:8      | Noticed a cyan ugly thing
  6887 | D:8      | Noticed a red ugly thing
  6888 | D:8      | Noticed a red ugly thing
  7042 | D:8      | Reached * piety under Okawaru
  7058 | D:8      | Reached XP level 10. HP: 71/86 MP: 9/9
  7067 | D:8      | Reached skill level 11 in Long Blades
  7212 | D:8      | Found an ancient bone altar of Kikubaaqudgha.
  7212 | D:8      | Found a glowing silver altar of Zin.
  7224 | D:8      | Found a basalt altar of Yredelemnul.
  7226 | D:8      | Found an ornate altar of the Wu Jian Council.
  7227 | D:8      | Found a radiant altar of Vehumet.
  7492 | D:9      | Reached ** piety under Okawaru
  7585 | D:9      | Reached skill level 12 in Long Blades
  7588 | D:9      | Noticed a two-headed ogre
  7599 | D:9      | Killed a two-headed ogre
  7600 | D:9      | Reached skill level 1 in Evocations
  7629 | D:9      | Found a transporter.
  7784 | D:9      | Reached *** piety under Okawaru
  8268 | D:9      | Reached skill level 13 in Long Blades
  8290 | D:9      | Received a gift from Okawaru
  8299 | D:9      | Reached skill level 10 in Armour
  8299 | D:9      | Reached XP level 11. HP: 90/97 MP: 10/10
  8561 | D:10     | Entered Level 10 of the Dungeon
  8561 | D:10     | Found a staircase to the Lair.
  8610 | D:9      | Reached **** piety under Okawaru
  8755 | D:10     | Identified the +1 leather armour of Plog {Harm Int-5 Dex+5}
  8916 | D:10     | Found a staircase to the Orcish Mines.
  8918 | D:10     | Noticed a two-headed ogre
  8969 | D:10     | Killed a two-headed ogre
  9060 | D:10     | Noticed polpettosauro's ghost (journeyman DgTm)
  9188 | D:10     | Found a runed translucent door.
  9390 | D:11     | Noticed a deep elf pyromancer
  9396 | D:11     | Noticed a fire dragon
  9398 | D:11     | Noticed a two-headed ogre
  9411 | D:11     | Killed from afar by a fire dragon

Illustrated notes

Levels and vault maps discovered:
D:1:      heliophobic_arrival_glass_houses, layout_rooms
D:2:      layout_loops_ring
D:3:      layout_loops_ring, serial_undead, serial_undead_b, serial_undead_e,
          serial_undead_b, serial_undead_e, serial_undead_d, serial_undead_f,
          uniq_grinder, uniq_robin
D:4:      layout_rooms, nicolae_stop_n_shop_2, grunt_ministairs_6, minivault_11,
          hangedman_decor_riveting, uniq_eustachio, uniq_menkaure
D:5:      layout_gridville
D:6:      layout_rooms
D:7:      layout_loops_ring, temple_statues
D:8:      layout_loops_ring, chequers_temple_overflow_minitemple,
          ploomutoo_gammafunk_ghost_potion_laboratory,
          nicolae_shop_sticking_my_neck_out
D:9:      layout_basic, nicolae_diode_basic
D:10:     layout_cave_pools, lair_entry_dummy, erik_orc_4,
          hellmonk_ghost_happy_afterlife, minivault_4
D:11:     minmay_the_grid_square_5x5_5x5_mashed
          [minmay_the_grid_square_5x5_tri_point, minmay_the_grid_square_5x5_meh,
          minmay_the_grid_square_5x5_eight, minmay_the_grid_square_5x5_longway,
          minmay_the_grid_square_5x5_corner,
          minmay_the_grid_square_5x5_hollow_slash,
          minmay_the_grid_square_5x5_prize_junk,
          minmay_the_grid_square_5x5_plus,
          minmay_the_grid_square_5x5_prize_monsterx,
          minmay_the_grid_square_5x5_three_small,
          minmay_the_grid_square_5x5_inset, minmay_the_grid_square_5x5_inner_z,
          minmay_the_grid_square_5x5_prize_open,
          minmay_the_grid_square_5x5_half_checkered,
          minmay_the_grid_square_5x5_minivault,
          minmay_the_grid_square_5x5_trominoes,
          minmay_the_grid_square_5x5_prize_deathbox,
          minmay_the_grid_square_5x5_bridge,
          minmay_the_grid_square_5x5_prize_pseudospiral,
          minmay_the_grid_square_5x5_almost_minimal,
          minmay_the_grid_square_5x5_minimal, minmay_the_grid_square_5x5_three,
          minmay_the_grid_square_5x5_inner_v, minmay_the_grid_square_5x5_comb,
          minmay_the_grid_square_5x5_seven], layout_irregular_city, uniq_lodul
Temple:   nicolae_temple_bog_church

Skill      XL: |  1  2  3  4  5  6  7  8  9 10 11 |
---------------+----------------------------------+-----
Shields        | 4 5 6 7 8 9 |  9.5
Armour         | 4 5 7 9 10 | 10.6
Fighting       | 4 5 6 7 9 |  9.7
Long Blades    | 3 4 5 7 9 10 13 | 13.7
Dodging        | 2 3 |  3.3
Stealth        | 1 |  1.1
Evocations     | 1 |  1.0
Invocations    | |  0.1

Action                     |  1- 3 |  4- 6 |  7- 9 | 10-12 || total
---------------------------+-------+-------+-------+-------++-------
  Melee: Long sword        |   130 |   151 |   409 |   399 ||  1089
         Headbutt          |    14 |    23 |    68 |    89 ||   194
 Invoke: Heroism           |       |       |       |     2 ||     2
  Evoke: Wand              |       |       |     3 |     4 ||     7
    Use: Potion            |       |       |     4 |     2 ||     6
         Scroll            |       |       |     8 |     3 ||    11
 Armour: Scale mail        |    78 |    34 |       |       ||   112
         Chain mail        |       |    56 |   174 |       ||   230
         Plate armour      |       |       |   101 |   222 ||   323
  Dodge: Dodged            |    52 |    73 |   198 |   125 ||   448
  Block: Buckler           |    30 |    38 |   111 |    94 ||   273
